Description

TvP build order by kiwian

VOD

https://www.youtube.com/watch?v=lMUJIW8MuMs

Replay - Blueshift LE (39)

Build Order

Get SALT Encoding   

  12  0:01  SCV  
  13  0:13  SCV  
  14  0:17  Supply Depot  
  14  0:25  SCV  
  15  0:29  Refinery  
  15  0:39  SCV  
  16  0:44  Barracks  
  16  0:51  SCV  
  17  1:03  SCV  
  18  1:15  SCV  
  19  1:33  Reaper, Orbital Command  
  20  1:43  Command Center  
  20  1:54  Factory  
  20  2:01  SCV  
  21  2:07  Refinery  
  21  2:09  Barracks Reactor  
  21  2:13  SCV  
  22  2:17  Supply Depot  
  22  2:25  SCV  
  23  2:40  Starport  
  24  2:51  Hellion x2  
  29  2:56  Orbital Command  
  29  3:04  Barracks Tech Lab  
  30  3:12  Widow Mine x2  
  35  3:20  Supply Depot  
  36  3:28  Medivac  
  39  3:35  Widow Mine x2  
  40  3:49  Engineering Bay  
  43  4:04  Starport Tech Lab  
  43  4:05  Marine x2  
  43  4:06  Siege Tank  
  43  4:09  Supply Depot  
  50  4:23  Raven  
  53  4:26  Barracks x2  
  53  4:30  Refinery  
  53  4:31  Marine x2  
  58  4:48  Marine x2  
  62  5:04  Terran Infantry Weapons Level 1, Supply Depot  
  62  5:18  Factory Reactor  
  62  5:22  Starport Reactor  
  62  5:25  Combat Shield  
  62  5:26  Stimpack, Marine x2  
  68  5:28  Marauder x2  
  68  5:30  Barracks x2  
  70  5:37  Refinery  
  70  5:44  Marine x2  
  75  5:53  Marauder  
  79  5:58  Widow Mine x2  
  86  6:16  Medivac x2  
  86  6:17  Marauder  
  94  6:22  Barracks Tech Lab, Barracks Reactor  
  98  6:34  Marauder x2  
  98  6:35  Widow Mine x2  
  107  6:44  Concussive Shells, Marauder  
  111  6:56  Marauder x2  
  115  7:05  Marauder  
  120  7:09  Widow Mine  
  128  7:34  Command Center  
Spawning Tool Build Advisor. Get it on Overwolf

Go to:

Details

  • Created by: pradu
  • Published on: Dec 03, 2018
  • Modified on: Dec 03, 2018
  • Patch: 4.7.1
Show
View Real Time Build Order
Export as new Build Order

Comments (0)

There are no comments. Be the first!

Create an account to comment!